 Dungeon Crawl Stone Soup version 0.25-a0-62-g88673ef095 (webtiles) character file.

Game seed: 16912689060744164632, levelgen mode: deterministic

31 D1HalberdGnoll the Sneak (level 3, 0/17 HPs)
             Began as a Vine Stalker Enchanter on Oct 30, 2019.
             Slain by Sigmund
             ... wielding a +0 scythe
              (6 damage)
             ... on level 2 of the Dungeon.
             The game lasted 00:01:48 (1173 turns).

D1HalberdGnoll the Sneak (Vine Stalker Enchanter)   Turns: 1173, Time: 00:01:49

Health: 0/17       AC:  2    Str: 10    XL:     3   Next: 22%
Magic:  0/7        EV: 12    Int: 16    God:
Gold:   5          SH:  0    Dex: 14    Spells: 3/6 levels left

rFire    . . .     SeeInvis .   a - +1 dagger
rCold    . . .     Gourm    .   (no shield)
rNeg     . . .     Faith    .   b - +0 robe
rPois    .         Spirit   +   (no helmet)
rElec    .         Reflect  .   (no cloak)
rCorr    .         Harm     .   (no gloves)
MR       .....                  (no boots)
Stlth    +++.......             (no amulet)
HPRegen  0.05/turn              (no ring)
MPRegen  0.10/turn              (no ring)

@: no status effects
A: fangs 2, magic shield, antimagic bite, no potion heal 3, rot immunity
a: no special abilities


You were on level 2 of the Dungeon.
You were not hungry.

You visited 1 branch of the dungeon, and saw 2 of its levels.

You collected 5 gold pieces.

Inventory:

Hand Weapons
 a - a +1 dagger (weapon)
Armour
 b - a +0 robe (worn)
Scrolls
 c - a scroll of remove curse {unknown}
 e - 2 scrolls of identify {unknown}
 g - a scroll of teleportation {unknown}
Comestibles
 d - 3 rations
 f - a chunk of flesh


   Skills:
 + Level 0.9 Fighting
 - Level 0.8 Short Blades
 + Level 1.9 Dodging
 * Level 4.4 Stealth
 - Level 2.1 Spellcasting
 + Level 3.2 Hexes


You had 3 spell levels left.
You knew the following spells:

 Your Spells              Type           Power        Failure   Level  Hunger
a - Corona                Hex            ##.....      5%          1    #......
b - Ensorcelled Hibernat  Hex/Ice        #.....       16%         2    ###....

Your spell library contained the following spells:

 Spells                   Type           Power        Failure   Level  Hunger
 Confuse                  Hex            ##......     16%         3    ###....
 Tukima's Dance           Hex            ##......     16%         3    ###....
 Dazzling Spray           Conj/Hex       #.....       30%         3    ###....


Dungeon Overview and Level Annotations

Branches:
Dungeon (1/15)

Altars:

Annotations:
D:2 Sigmund


Innate Abilities, Weirdness & Mutations

You have extremely sharp teeth.
When hurt, damage is shared between your health and your magic reserves.
Your bite disrupts and absorbs the magic of your enemies.
Potions cannot restore your health.
You are immune to rotting.


Message History

Sigmund is outlined in light.
Sigmund barely misses you.
You hit Sigmund.
Sigmund is moderately wounded.
Sigmund hits you with a +0 scythe!
* * * LOW HITPOINT WARNING * * *
You aren't carrying any items that you can evoke.
You aren't carrying any potions.
Okay, then.
You hit Sigmund. Your bite misses Sigmund.
Sigmund is moderately wounded.
You hit Sigmund. You bite Sigmund, but do no damage.
Sigmund is heavily wounded.
Sigmund closely misses you.
You barely miss Sigmund.
Sigmund is heavily wounded.
Sigmund falters for a moment.
You barely miss Sigmund. Your bite misses Sigmund.
Sigmund is heavily wounded.
Sigmund hits you with a +0 scythe!
You die...

######### #.......
#.....?.. ........+
+.....>.. ........#
#........ ........#
#........ ........#
#........ ........#
#@.......
........########@.......
.....................###
#....................#
#######..............#
#..............#
#..............#
#.<.[..........#
#..............#
#####....#######


You could see Sigmund.

Vanquished Creatures
  An ooze (D:1)
  A worm (D:2)
  A giant cockroach (D:2)
  3 goblins (D:1)
  3 hobgoblins (D:1)
  3 jackals (D:1)
  2 quokkas (D:2)
  2 bats (D:1)
  4 kobolds (D:1)
  2 rats (D:1)
22 creatures vanquished.

Notes
Turn   | Place    | Note
-------+----------+-------------------------------------------
     0 | D:1      | D1HalberdGnoll the Vine Stalker Enchanter began the quest
                  | for the Orb.
     0 | D:1      | Reached XP level 1. HP: 9/9 MP: 4/4
   173 | D:1      | Reached XP level 2. HP: 14/14 MP: 6/6
   179 | D:1      | Reached skill level 4 in Stealth
   807 | D:1      | Reached XP level 3. HP: 10/17 MP: 3/7
  1043 | D:1      | Learned a level 2 spell: Ensorcelled Hibernation
  1055 | D:1      | You fall into a shaft and drop 1 floor!
  1157 | D:2      | Noticed Sigmund
  1173 | D:2      | Slain by Sigmund

Levels and vault maps discovered:
D:1:      evilmike_arrival_rings, layout_basic, serial_glass, glass_columns_a,
          glass_columns_a, grunt_decor_arrowhead, minmay_misc_feat_chi
D:2:      layout_basic, gammafunk_temple_overflow_elements, serial_forest,
          infiniplex_forest_lined_2, infiniplex_forest_clump_tiny,
          infiniplex_forest_straight_4, infiniplex_forest_lined_4_way,
          infiniplex_forest_clump_small, infiniplex_forest_lined_1,
          hangedman_ru_absence, uniq_sigmund, uniq_terence

Skill      XL: |  1  2 |
---------------+-------+-----
Stealth        | 4 |  4.4
Fighting       | |  0.9
Short Blades   | |  0.8
Dodging        | |  1.9
Spellcasting   | |  2.1
Hexes          | |  3.2

Action                   || total
-------------------------++-------
Melee: Dagger            ||    70
       Bite              ||    15
 Cast: Corona            ||     2
       Ensorcelled Hiber ||     1
  Use: Potion            ||     3
 Stab: Sleeping          ||     6
       Distracted        ||     1
  Eat: Chunk             ||     1
Armor: Robe              ||     6
Dodge: Dodged            ||    45

Table legend:
 A = Non-vault XP
 B = Vault XP
 C = Vault XP percentage of total XP
 D = Non-vault monster count
 E = Vault monster count
 F = Vault count percentage of total count
                 A         B        C        D         E       F
            +---------+---------+-------+---------+---------+-------
      Total |      45 |       0 |   0.0 |      22 |       0 |   0.0
            +---------+---------+-------+---------+---------+-------
        D:1 |      34 |       0 |   0.0 |      18 |       0 |   0.0
        D:2 |      11 |       0 |   0.0 |       4 |       0 |   0.0
            +---------+---------+-------+---------+---------+-------
